 Dungeon Crawl Stone Soup version 0.18-a0-990-g74cdb39 (webtiles) character file.

36093 kroki the Brawler (level 13, 0/199 HPs)
             Began as a Troll Berserker on Jan 3, 2016.
             Was a High Priest of Trog.
             Slain by an elephant (14 damage)
             ... on level 5 of the Lair of Beasts.
             The game lasted 00:23:12 (18192 turns).

kroki the Brawler (Troll Berserker)                Turns: 18192, Time: 00:23:12

Health: 0/199      AC:  8    Str: 33    XL:     13   Next: 51%
Magic:  12/12      EV: 13    Int:  3    God:    Trog [*****.]
Gold:   1046       SH: 14    Dex: 13    Spells: 0 memorised, 12 levels left

rFire  + . .     SeeInvis .       - Unarmed
rCold  + . .     Gourm    +     a - +0 animal skin
rNeg   . . .     Faith    +     U - +2 shield of Resistance {rF+ rC+ MR+}
rPois  +         Spirit   .     (helmet restricted)
rElec  .         Dismiss  .     K - +2 cloak {+Inv}
rCorr  .         Reflect  .     (gloves unavailable)
SustAt .         Harm     .     (boots unavailable)
MR     ++...                    l - amulet of faith {Faith, !P}
Stlth  ..........               D - ring of protection from magic {MR+, !d}
                                Y - ring of poison resistance {rPois, !d}

@: berserking, very slightly contaminated, invisible, very quick, very resistant
to hostile enchantments, extremely unstealthy
A: unfitting armour, claws 3, fast metabolism 3, gourmand, regeneration 2,
shaggy fur 1, tough skin 2
a: Berserk, Trog's Hand, Brothers in Arms, Burn Spellbooks, Renounce Religion


You were on level 5 of the Lair of Beasts.
You worshipped Trog.
Trog was extremely pleased with you.
You were full.

You visited 3 branches of the dungeon, and saw 16 of its levels.
You also visited: Ossuary.

You collected 1046 gold pieces.

Inventory:

Hand Weapons
 g - a +0 blowgun
   (You took it off a kobold on level 3 of the Dungeon)
Missiles
 f - 14 curare-tipped needles
 W - 2 throwing nets {=f, !d}
Armour
 a - a +0 animal skin (worn)
 K - a +2 cloak of invisibility (worn)
   (You took it off Crazy Yiuf on level 7 of the Dungeon)
 U - the +2 shield of Resistance (worn) {rF+ rC+ MR+}
   (You found it on level 9 of the Dungeon)

   It protects you from fire.
   It protects you from cold.
   It affects your resistance to hostile enchantments.
Jewellery
 l - an amulet of faith (around neck) {Faith, !P}
   (You found it on level 2 of the Dungeon)
 u - the amulet of the Oligarchy {rCorr rPois MR++ SInv, unknown}
   (You found it on level 3 of the Lair of Beasts)

   [amulet of resist corrosion]

   It protects you from acid and corrosion.
   It protects you from poison.
   It affects your resistance to hostile enchantments.
   It lets you see invisible.
 x - an uncursed amulet of rage {+Rage, !d}
   (You found it on level 4 of the Dungeon)
 D - a ring of protection from magic (right claw) {MR+, !d}
   (You found it on level 5 of the Dungeon)
 E - an uncursed ring of ice {rC+, rF-}
   (You found it on level 6 of the Dungeon)
 S - an uncursed ring of flight {+Fly, !d}
   (You found it on level 9 of the Dungeon)
 Y - a ring of poison resistance (left claw) {rPois, !d}
   (You found it on level 10 of the Dungeon)
Wands
 t - a wand of paralysis (9/24)
   (You took it off Ijyb on level 3 of the Dungeon)
 w - a wand of disintegration (9/24)
   (You found it on level 6 of the Dungeon)
 H - a wand of polymorph (19/24)
   (You found it on level 1 of the Lair of Beasts)
 M - a wand of lightning (7/15)
   (You took it off a gnoll on level 8 of the Dungeon)
 N - a wand of disintegration (9/24)
   (You found it on level 8 of the Dungeon)
 R - a wand of teleportation (2/9)
   (You took it off Grum on level 9 of the Dungeon)
 V - a wand of cold (3/15)
   (You found it on level 10 of the Dungeon)
Scrolls
 n - 5 scrolls of teleportation
 q - 4 scrolls of magic mapping {!r}
 r - a scroll of enchant weapon
 s - a scroll of blinking {!r}
 v - 6 scrolls of remove curse
 y - 4 scrolls of recharging
Potions
 d - 3 potions of agility
 i - 3 potions of magic
 j - 7 potions of curing
 k - 6 potions of brilliance {unknown}
 o - 2 potions of haste
 z - a potion of berserk rage {!q}
 A - a potion of ambrosia {!q}
 B - 2 potions of lignification {unknown}
 C - 3 potions of flight
 F - 2 potions of might
 G - a potion of cancellation
 I - a potion of degeneration {!q}
 P - a potion of mutation {unknown}
 Q - a potion of experience
 X - a potion of poison {unknown}
Books
 J - a book of Alchemy
   (You found it on level 3 of the Lair of Beasts)
 T - a book of Dreams
   (You found it on level 4 of the Lair of Beasts)
Miscellaneous
 L - a plain deck of summoning
   (You found it on level 4 of the Lair of Beasts)
Comestibles
 b - 13 bread rations {@e1}
 h - 4 royal jellies
 m - 5 beef jerkies
 p - 7 meat rations {@e2}
 O - a slice of pizza


   Skills:
 + Level 9.8 Fighting
 + Level 7.0 Dodging
 - Level 9.5 Shields
 * Level 15.3 Unarmed Combat


You had 12 spell levels left.
You didn't know any spells.

Dungeon Overview and Level Annotations

Branches:
Dungeon (10/15)            Temple (1/1) D:5            Lair (5/8) D:10
 Shoals (0/4) Lair:3        Snake (0/4) Lair:3          Orc (0/2) D:10

Altars:
Nemelex Xobeh
Qazlal
Trog
Xom
The Shining One

Shops:
D:4 [[((   D:10 (


Innate Abilities, Weirdness & Mutations

You are too large for most types of armour.
You have claws for hands.
Your metabolism is lightning-fast.
You like to eat raw meat.
You heal very quickly.
You are covered in fur (AC +1).
You have very tough skin (AC +2).


Message History

You mangle the elephant!! You block the elephant's attack.
The elephant trunk-slaps you but does no damage.
You block the elephant's attack. The elephant misses you.
The elephant tramples you!
You hold your ground!
The elephant trunk-slaps you but does no damage.
The porcupine bites the fungus.
You take 15 damage, and have 116/132 hp.
You claw the elephant!
You kill the elephant!
Trog accepts your kill. The elephant tramples you!
You hold your ground!
The elephant trunk-slaps you but does no damage.
The porcupine bites the fungus.
You block the elephant's attack. You block the elephant's attack.
You take 8 damage, and have 108/133 hp.
You claw the elephant! The elephant tramples you!
You hold your ground!
The elephant closely misses you. The elephant barely misses you.
The elephant trunk-slaps you but does no damage.
You take 15 damage, and have 93/133 hp.
You scratch the elephant.
The porcupine bites the fungus!
The elephant closely misses you. The elephant barely misses you.
The elephant barely misses you.
The elephant trunk-slaps you but does no damage.
You barely miss the elephant.
The porcupine bites the fungus!
The fungus is destroyed!
The elephant tramples you but does no damage.
You block the elephant's attack. The elephant tramples you.
You hold your ground!
The elephant barely misses you. The elephant tramples you!
You hold your ground!
The elephant completely misses you. The elephant misses you.
The elephant trunk-slaps you but does no damage.
You take 18 damage, and have 76/133 hp.
You mangle the elephant!! You block the elephant's attack.
You block the elephant's attack. The elephant tramples you!
You hold your ground!
The elephant trunk-slaps you but does no damage.
You block the elephant's attack.
The elephant trunk-slaps you but does no damage.
You take 13 damage, and have 63/133 hp.
You mangle the elephant!! The porcupine bites you.
You block the elephant's attack. The elephant misses you.
You block the elephant's attack. The elephant misses you.
You take 5 damage, and have 58/133 hp.
You barely miss the elephant. You block the elephant's attack.
The elephant closely misses you. x2
The elephant trunk-slaps you but does no damage.
You block the porcupine's attack. The elephant closely misses you.
The elephant misses you.
Read which item? (? for menu, Esc to quit)
Okay, then.
Your troll goes berserk!
You feel somewhat less full. The elephant barely misses you.
The elephant closely misses you. The porcupine closely misses you.
The elephant tramples you!
You hold your ground!
The elephant trunk-slaps you. The elephant tramples you!
* * * LOW HITPOINT WARNING * * *
You hold your ground!
The elephant misses you. The elephant tramples you.
* * * LOW HITPOINT WARNING * * *
You hold your ground!
The elephant trunk-slaps you but does no damage.
You take 32 damage, and have 27/133 hp.
MASSIVE DAMAGE!!
Drink which item? (? for menu, Esc to quit)
You fade into invisibility!
The elephant misses you.
The elephant trunk-slaps you but does no damage.
The porcupine bites you.
* * * LOW HITPOINT WARNING * * *
The elephant tramples you!
* * * LOW HITPOINT WARNING * * *
You hold your ground!
You block the elephant's attack.
Your troll barely misses the porcupine.
Your troll claws the porcupine.
Your troll claws the porcupine!!
The porcupine dies!
Trog accepts your kill. The elephant barely misses you.
The elephant misses you. The elephant tramples you!
* * * LOW HITPOINT WARNING * * *
You hold your ground!
The elephant trunk-slaps you.
* * * LOW HITPOINT WARNING * * *
You are very lightly contaminated with residual magic.
You take 22 damage, and have 5/133 hp.
Unknown command.
Drink which item? (? for menu, Esc to quit)
You feel much better. You block the elephant's attack.
You block the elephant's attack. The elephant tramples you!
* * * LOW HITPOINT WARNING * * *
You hold your ground!
The elephant barely misses you. The elephant tramples you!
* * * LOW HITPOINT WARNING * * *
You hold your ground!
The elephant closely misses you. You block the elephant's attack.
The elephant closely misses you.
Your troll bites the elephant!
Your troll claws the elephant but does no damage.
Your troll claws the elephant.
You regained 4 hp, and now have 9/133 hp.
Unknown command.
A red film seems to cover your vision as you go berserk!
You feel yourself moving faster!
You feel mighty! The elephant tramples you!
You die...

# ### #. ###.P#
... .#...##
#...#####.(...<.
#.....#PPP......
#....#Y@YP......
......YYTPP.#..♣
........†.....♣
.............♣♣
............♣♣
.#?P.#.....≈≈≈
..........♣≈≈≈P
....P.....♣≈≈≈P
.#.##...... ...


You could see 4 elephants and a friendly troll (berserk).

Vanquished Creatures
  A hydra (Lair:4)
  Erica (D:10)
  A catoblepas (Lair:1)
  2 death yaks (Lair:4)
  An unseen horror (D:10)
  A hill giant (D:10)
  Pikel (D:8)
  A griffon (Lair:3)
  The ghost of kroki the Basher, a novice KoBe of Trog (D:5)
  9 elephants
  2 black mambas
  Joseph (D:8)
  10 spiny frogs
  Psyche (D:9)
  A gargoyle (D:9)
  6 komodo dragons
  3 fire drakes
  A troll (D:9)
  Grinder (D:5)
  The ghost of PinkishYellow the Gusty, an amateur TeAE (D:3)
  Sigmund (D:5)
  A wyvern (Lair:4)
  A spriggan (D:9)
  33 yaks
  A wraith (D:10)
  5 hippogriffs
  A basilisk (Lair:4)
  2 steam dragons (D:5)
  3 hungry ghosts
  24 wolves
  5 water moccasins
  Duvessa (D:5)
  8 porcupines
  5 orc warriors
  A sky beast (D:9)
  3 slaves (D:8)
  A black bear (D:7)
  A wasp (D:10)
  An ice beast (D:7)
  6 ogres
  2 phantoms
  A centaur (D:5)
  A big kobold (D:9)
  10 crocodiles
  12 giant frogs
  4 elf skeletons (D:4)
  An elf zombie (D:4)
  4 gnoll sergeants (D:10)
  Dowan (D:5)
  A scorpion (D:6)
  A wyvern skeleton (D:8)
  A troll zombie (Ossuary)
  5 killer bees (D:9)
  7 wights
  4 crimson imps
  4 centaur zombies
  2 quasits
  10 hounds
  2 jellies (D:9)
  2 gnoll shamans
  Crazy Yiuf (D:7)
  2 human zombies
  5 orc wizards
  A centaur skeleton (D:8)
  Natasha (twice) (D:3)
  8 iguanas
  9 worker ants
  Ijyb (D:3)
  2 human skeletons (D:4)
  7 sheep
  An ogre zombie (Ossuary)
  2 hound skeletons
  7 mummies (Ossuary)
  A worker ant zombie (D:8)
  10 adders
  18 gnolls
  18 river rats
  3 shadow imps
  An ooze (D:1)
  An adder zombie (D:5)
  An adder skeleton (D:5)
  5 worms
  9 giant geckos
  40 orcs
  4 giant cockroaches
  2 gnoll zombies (Ossuary)
  6 goblins
  12 hobgoblins
  26 jackals
  8 quokkas
  2 ball pythons
  14 bats
  8 giant newts
  3 goblin zombies (Ossuary)
  A hobgoblin zombie (Ossuary)
  11 kobolds
  9 kobold zombies (Ossuary)
  2 orc skeletons (D:4)
  An orc zombie (D:4)
  4 quokka zombies (Ossuary)
  4 rats
  5 rat zombies (Ossuary)
  A fungus (Lair:4)
  A plant (D:1)
504 creatures vanquished.

Vanquished Creatures (collateral kills)
  Snorg (D:10)
  A hydra (Lair:4)
  A fire dragon (Lair:1)
  A manticore (Lair:3)
  A griffon (Lair:3)
  Grum (D:9)
  A hippogriff (Lair:3)
  A wolf (D:9)
  A porcupine (Lair:5)
  A necrophage (D:10)
  3 wights (D:10)
  A gnoll shaman (D:10)
  3 gnolls (D:10)
17 creatures vanquished.

Vanquished Creatures (others)
  A gnoll (D:10)
  9 fungi
  3 plants
13 creatures vanquished.

Grand Total: 534 creatures vanquished

Notes
Turn   | Place    | Note
--------------------------------------------------------------
     0 | D:1      | kroki the Troll Berserker began the quest for the Orb.
     0 | D:1      | Reached XP level 1. HP: 22/22 MP: 0/0
   224 | D:1      | Reached XP level 2. HP: 26/29 MP: 1/1
   827 | D:1      | Reached XP level 3. HP: 36/36 MP: 2/2
   886 | D:1      | Reached skill level 3 in Fighting
   931 | D:1      | Reached ** piety under Trog
  1108 | D:2      | Found a bloodstained altar of Trog.
  1608 | D:2      | Found a sparkling altar of Nemelex Xobeh.
  2286 | D:3      | Noticed Natasha
  2297 | D:3      | HP: 9/37 [Natasha (9)]
  2297 | D:3      | HP: 2/37 [Natasha (7)]
  2302 | D:3      | HP: 9/37 [Natasha (3)]
  2303 | D:3      | Killed Natasha
  2303 | D:3      | Reached skill level 1 in Shields
  2303 | D:3      | Reached skill level 4 in Unarmed Combat
  2303 | D:3      | Reached XP level 4. HP: 10/45 MP: 3/3
  2622 | D:3      | Noticed PinkishYellow's ghost (amateur TeAE)
  2630 | D:3      | Killed PinkishYellow's ghost
  2630 | D:3      | Reached skill level 2 in Shields
  2630 | D:3      | Reached skill level 5 in Unarmed Combat
  2630 | D:3      | Reached XP level 5. HP: 44/53 MP: 4/4
  2630 | D:3      | Reached XP level 6. HP: 50/61 MP: 5/5
  2814 | D:3      | Noticed Natasha
  2819 | D:3      | Killed Natasha
  2885 | D:3      | Reached *** piety under Trog
  3016 | D:3      | Noticed Ijyb
  3020 | D:3      | Killed Ijyb
  3077 | D:3      | Found a shimmering altar of Xom.
  3346 | D:3      | Reached skill level 3 in Shields
  3626 | D:4      | Reached XP level 7. HP: 50/67 MP: 6/6
  3633 | D:4      | Found a sand-covered staircase.
  3665 | Ossuary  | Entered an ossuary
  3716 | Ossuary  | Reached skill level 6 in Unarmed Combat
  3944 | Ossuary  | Reached skill level 4 in Shields
  4019 | Ossuary  | Reached skill level 4 in Fighting
  4500 | D:4      | Reached XP level 8. HP: 69/78 MP: 7/7
  4582 | D:4      | Reached skill level 7 in Unarmed Combat
  4805 | D:4      | Reached skill level 5 in Shields
  4882 | D:4      | Found Enerrics's Armour Emporium.
  4884 | D:4      | Found Nugubb's Armour Shoppe.
  5003 | D:4      | Reached **** piety under Trog
  5040 | D:4      | Found Wekleonn's Antique Weapon Shop.
  5102 | D:4      | Found Peush's Weapon Shop.
  5239 | D:5      | Entered Level 5 of the Dungeon
  5239 | D:5      | Noticed kroki's ghost (novice KoBe)
  5253 | D:5      | Killed kroki's ghost
  5253 | D:5      | Reached skill level 8 in Unarmed Combat
  5564 | D:5      | Reached skill level 6 in Shields
  5599 | D:5      | Noticed Grinder
  5605 | D:5      | Killed Grinder
  5605 | D:5      | Reached XP level 9. HP: 87/87 MP: 8/8
  5613 | D:5      | Found a staircase to the Ecumenical Temple.
  5881 | D:5      | Reached skill level 5 in Fighting
  5996 | D:5      | Noticed Dowan
  5997 | D:5      | Noticed Duvessa
  6007 | D:5      | Killed Duvessa
  6011 | D:5      | Killed Dowan
  6041 | D:5      | Noticed Sigmund
  6048 | D:5      | Killed Sigmund
  6663 | D:5      | Reached skill level 9 in Unarmed Combat
  6805 | Temple   | Entered the Ecumenical Temple
  7195 | D:6      | Reached skill level 7 in Shields
  7993 | D:7      | Reached ***** piety under Trog
  8032 | D:7      | Found a shimmering altar of Xom.
  8447 | D:7      | Noticed Crazy Yiuf
  8454 | D:7      | Killed Crazy Yiuf
  8527 | D:8      | Noticed Joseph
  8537 | D:7      | Reached XP level 10. HP: 72/98 MP: 9/9
  8734 | D:8      | Received a gift from Trog
  9075 | D:8      | Killed Joseph
  9075 | D:8      | Reached skill level 6 in Fighting
  9075 | D:8      | Reached skill level 8 in Shields
  9075 | D:8      | Reached skill level 10 in Unarmed Combat
  9373 | D:8      | Noticed Pikel
  9398 | D:8      | Killed Pikel
 10022 | D:9      | Noticed Grum
 10088 | D:9      | Killed Grum
 10127 | D:9      | Noticed a gargoyle
 10149 | D:9      | Killed a gargoyle
 10149 | D:9      | Reached skill level 11 in Unarmed Combat
 10205 | D:9      | Reached skill level 9 in Shields
 10276 | D:9      | Noticed Psyche
 10279 | D:9      | Killed Psyche
 10336 | D:9      | Received a gift from Trog
 10556 | D:9      | Reached XP level 11. HP: 103/107 MP: 10/10
 10749 | D:10     | Entered Level 10 of the Dungeon
 10795 | D:10     | HP: 26/107 [poisoned by a gnoll sergeant]
 10800 | D:10     | HP: 24/107 [poisoned by a gnoll sergeant]
 10805 | D:10     | HP: 25/107 [poisoned by a gnoll sergeant]
 10986 | D:10     | Found Nutexkum's Weapon Boutique.
 10986 | D:10     | Found a staircase to the Orcish Mines.
 11170 | D:10     | Reached skill level 7 in Fighting
 11259 | D:10     | kroki: hi
 11426 | D:10     | HP: 24/109 [something (7)]
 11427 | D:10     | Killed an unseen horror
 11690 | D:10     | Noticed Erica
 11731 | D:10     | Killed Erica
 11867 | D:10     | Tehnox: hi
 11867 | D:10     | kroki: how r u
 11867 | D:10     | Tehnox: just watch
 11867 | D:10     | Tehnox: im fine
 11967 | D:10     | Noticed Snorg
 11968 | D:10     | Tehnox: with you playing
 11977 | D:10     | Killed Snorg
 11977 | D:10     | Reached skill level 3 in Dodging
 11977 | D:10     | Reached skill level 12 in Unarmed Combat
 12182 | D:10     | Found a staircase to the Lair.
 12218 | D:10     | Noticed a hill giant
 12224 | D:10     | Killed a hill giant
 12388 | D:10     | Received a gift from Trog
 12428 | D:10     | Found a stormy altar of Qazlal.
 12584 | D:10     | kroki: ok cool
 12644 | Lair:1   | Entered Level 1 of the Lair of Beasts
 12672 | Lair:1   | Noticed a fire dragon
 12697 | Lair:1   | Killed a fire dragon
 12815 | Lair:1   | Reached skill level 4 in Dodging
 12841 | Lair:1   | kroki: lucky with that shield
 12933 | Lair:1   | Reached XP level 12. HP: 94/119 MP: 11/11
 13016 | Lair:1   | Reached skill level 8 in Fighting
 13078 | Lair:1   | Reached skill level 13 in Unarmed Combat
 13982 | Lair:1   | Noticed a catoblepas
 13996 | Lair:1   | Killed a catoblepas
 13996 | Lair:1   | Reached skill level 5 in Dodging
 14290 | Lair:2   | Received a gift from Trog
 15180 | Lair:3   | Got a sparkling diamond amulet
 15243 | Lair:3   | Reached skill level 14 in Unarmed Combat
 15310 | Lair:3   | Found a glowing golden altar of the Shining One.
 15485 | Lair:3   | Reached skill level 6 in Dodging
 15548 | Lair:3   | Found a staircase to the Shoals.
 15559 | Lair:3   | Reached skill level 9 in Fighting
 15660 | Lair:3   | Found a staircase to the Snake Pit.
 16245 | Lair:3   | Reached XP level 13. HP: 131/131 MP: 12/12
 16490 | Lair:4   | Received a gift from Trog
 17111 | Lair:4   | Reached skill level 15 in Unarmed Combat
 18170 | Lair:5   | Reached skill level 7 in Dodging
 18189 | Lair:5   | HP: 31/133 [elephant (15)]
 18190 | Lair:5   | HP: 7/133 [elephant (9)]
 18192 | Lair:5   | Slain by an elephant

Vault maps used:
D:1:      evilmike_arrival_crescent, st_stairs_3, minmay_misc_feat_rugged,
          minmay_misc_feat_iff, serial_bayou_lake_a
D:2:      bloody_trog, nemelex_xobeh_ov_fountains_minmay
D:3:      lemuel_crystal_altar, uniq_natasha, uniq_iyjb
D:4:      nicolae_ossuary_entry_catacombs, serial_shops, shop, kennysheep_mini,
          shop, shop_fountains
D:5:      kennysheep_steamy, minmay_temple_entry_hall, first_bread,
          uniq_duvessa, uniq_grinder, uniq_sigmund
D:6:      minmay_misc_feat_x
D:7:      basic_altar, uniq_crazy_yiuf_cottage
D:8:      nrook_mini_vaults, uniq_joseph, uniq_pikel
D:9:      the_bakery, uniq_psyche, uniq_grum
D:10:     minmay_lair_entry_lava, orc_david_3, serial_gnoll_camp,
          gnoll_camp_medium_02, gnoll_camp_mini_doghouse, gnoll_camp_huts_basic,
          gnoll_camp_mini_hut, gnoll_camp_mini_hut, grunt_qazlal_clouds,
          uniq_snorg, uniq_erica
Temple:   kilobyte_greek_temple_18
Lair:1:   dragon1_lemuel
Lair:2:   hibernation_bobbens
Lair:3:   wad_woods_structure_01, minmay_shoals_entry_beasts, basic_altar
Lair:4:   beast_lair_carwin_4
Lair:5:   serial_bayou, serial_bayou_pond_a, serial_bayou_ford_a,
          serial_bayou_pond_b, serial_bayou_lagoon_b, minivault_26,
          lemuel_fruit_fields
Ossuary:  ossuary_boxes_badplayer

Action                   |  1- 3 |  4- 6 |  7- 9 | 10-12 | 13-15 || total
-------------------------+-------+-------+-------+-------+-------++-------
Melee: Unarmed           |   140 |   112 |   485 |   806 |   208 ||  1751
Invok: Trog's Hand       |     1 |       |     2 |     4 |       ||     7
       Berserk           |       |     1 |     2 |    11 |     3 ||    17
       Brothers in Arms  |       |       |       |     7 |     2 ||     9
       Burn Spellbooks   |       |       |       |     1 |       ||     1
Evoke: Wand              |       |       |       |     2 |       ||     2
  Use: Scroll            |     5 |     7 |     7 |    13 |       ||    32
       Potion            |     2 |       |       |     1 |     2 ||     5
 Stab: Invisible         |       |       |     1 |     3 |       ||     4
       Sleeping          |       |       |       |     1 |       ||     1
  Eat: Chunk             |    26 |    13 |    53 |    94 |    21 ||   207

Vault maps used:
D:1:      evilmike_arrival_crescent, st_stairs_3, minmay_misc_feat_rugged,
          minmay_misc_feat_iff, serial_bayou_lake_a
D:2:      bloody_trog, nemelex_xobeh_ov_fountains_minmay
D:3:      lemuel_crystal_altar, uniq_natasha, uniq_iyjb
D:4:      nicolae_ossuary_entry_catacombs, serial_shops, shop, kennysheep_mini,
          shop, shop_fountains
D:5:      kennysheep_steamy, minmay_temple_entry_hall, first_bread,
          uniq_duvessa, uniq_grinder, uniq_sigmund
D:6:      minmay_misc_feat_x
D:7:      basic_altar, uniq_crazy_yiuf_cottage
D:8:      nrook_mini_vaults, uniq_joseph, uniq_pikel
D:9:      the_bakery, uniq_psyche, uniq_grum
D:10:     minmay_lair_entry_lava, orc_david_3, serial_gnoll_camp,
          gnoll_camp_medium_02, gnoll_camp_mini_doghouse, gnoll_camp_huts_basic,
          gnoll_camp_mini_hut, gnoll_camp_mini_hut, grunt_qazlal_clouds,
          uniq_snorg, uniq_erica
Temple:   kilobyte_greek_temple_18
Lair:1:   dragon1_lemuel
Lair:2:   hibernation_bobbens
Lair:3:   wad_woods_structure_01, minmay_shoals_entry_beasts, basic_altar
Lair:4:   beast_lair_carwin_4
Lair:5:   serial_bayou, serial_bayou_pond_a, serial_bayou_ford_a,
          serial_bayou_pond_b, serial_bayou_lagoon_b, minivault_26,
          lemuel_fruit_fields
Ossuary:  ossuary_boxes_badplayer

Table legend:
 A = Turns spent in this place as a percentage of turns spent in the entire game.
 B = Non-inter-level travel turns spent in this place as a percentage of non-inter-level travel turns spent in the entire game.
 C = Inter-level travel turns spent in this place as a percentage of turns spent in this place.
 D = Turns resting spent in this place as a percentage of non-inter-level travel turns spent in this place.
 E = Turns spent auto-exploring this place as a percentage of non-inter-level travel turns spent in this place.
 F = Non-inter-level travel turns spent in this place divided by the number of levels of this place that you've seen.
                   A       B       C       D       E      F
               +-------+-------+-------+-------+-------+----------------------
         Total | 100.0 | 100.0 |   0.2 |   1.4 |   5.8 | 527.8
       Dungeon |  66.4 |  66.4 |   0.3 |   1.4 |   6.2 | 595.7
        Temple |   0.0 |   0.0 |   0.0 |   0.0 |   0.0 |   2.0
          Lair |  28.3 |  28.3 |   0.2 |   1.5 |   4.5 | 507.2
       Ossuary |   5.3 |   5.3 |   0.0 |   1.3 |   7.3 | 477.0
               +-------+-------+-------+-------+-------+----------------------

Table legend:
 A = Kills in this place as a percentage of kills in entire the game.
 B = Kills by you in this place as a percentage of kills by you in the entire game.
 C = Kills by friends in this place as a percentage of kills by friends in the entire game.
 D = Other kills in this place as a percentage of other kills in the entire game.
 E = Experience gained in this place as a percentage of experience gained in the entire game.
 F = Experience gained in this place divided by the number of levels of this place that you have seen.
                   A       B       C       D       E      F
               +-------+-------+-------+-------+-------+----------------------
         Total | 100.0 | 100.0 | 100.0 | 100.0 | 100.0 | 3033.1
       Dungeon |  63.8 |  63.7 |  64.7 | 100.0 |  35.3 | 1822.1
          Lair |  29.0 |  28.9 |  35.3 |   0.0 |  63.8 | 6583.2
       Ossuary |   7.2 |   7.4 |   0.0 |   0.0 |   0.8 | 425.0
               +-------+-------+-------+-------+-------+----------------------
